 Dungeon Crawl Stone Soup version 0.28.0-45-g0d030f2227 (webtiles) character file.

Game seed: 12681486103734906514

354 seaoflcl the Covered (level 6, 0/48 HPs)
             Began as a Human Fighter on Apr 10, 2022.
             Succumbed to a hornet's poison
             ... on level 4 of the Dungeon.
             The game lasted 00:11:01 (4355 turns).

seaoflcl the Covered (Human Fighter)                Turns: 4355, Time: 00:11:02

Health: 0/48       AC:  7    Str: 18    XL:     6   Next: 95%
Magic:  6/6        EV:  9    Int:  8    God:
Gold:   198        SH:  5    Dex: 13    Spells: 5/5 levels left

rFire   . . .      SeeInvis .   j - +1 mace (protect)
rCold   . . .      Faith    .   c - +0 buckler
rNeg    . . .      Spirit   .   b - +0 scale mail
rPois   .          Reflect  .   (no helmet)
rElec   .          Harm     .   (no cloak)
rCorr   .          Rampage  .   (no gloves)
Will    .....                   (no boots)
Stlth   ..........              (no amulet)
HPRegen 0.16/turn               (no ring)
MPRegen 0.10/turn               (no ring)

@: lethally poisoned (0 -> -13)
A: no striking features
a: no special abilities


You were on level 4 of the Dungeon.
You visited 1 branch of the dungeon, and saw 4 of its levels.

You collected 198 gold pieces.

Inventory:

Hand Weapons
 a - a +0 long sword
 j - a +1 mace of protection (weapon)
Armour
 b - a +0 scale mail (worn)
 c - a +0 buckler (worn)
 h - a +0 scale mail
Jewellery
 d - a ring of see invisible
Wands
 u - a wand of mindburst (11)
Scrolls
 e - 5 scrolls of identify {unknown}
 g - 3 scrolls of enchant armour {unknown}
 i - 2 scrolls of teleportation {unknown}
 k - a scroll of magic mapping
 l - a scroll of amnesia {unknown}
 m - a scroll of blinking {unknown}
 o - a scroll of summoning {unknown}
 p - a scroll of vulnerability {unknown}
 s - a scroll of fear {unknown}
Potions
 f - a potion of heal wounds {unknown}
 n - a potion of cancellation {unknown}
 q - a potion of degeneration {unknown}
 r - 3 potions of mutation {unknown}
 t - 3 potions of lignification {unknown}


   Skills:
 + Level 4.2 Fighting
 + Level 2.3 Long Blades
 + Level 3.3 Maces & Flails
 + Level 4.2 Armour
 + Level 1.4 Dodging
 + Level 0.3 Stealth
 + Level 3.8 Shields


You had 5 spell levels left.
You didn't know any spells.
Your spell library contained the following spells:

 Spells                   Type           Power      Damage    Failure   Level
 Chain Lightning          Conj/Air       0%         N/A       100%        9
 Fire Storm               Conj/Fire      0%         5d1       100%        9
 Shatter                  Erth           0%         3d5*      100%        9


Dungeon Overview and Level Annotations

Branches:
Dungeon (4/15)
 Temple: D:4-7

Altars:
Sif Muna
Vehumet
Xom
The Shining One

Shops:
D:1 !   D:2 :

Annotations:
D:4 pkoi's ghost, amateur DgFi


Message History

The goblin hits you but does no damage.
You barely miss the goblin.
Pkoi's ghost hits you but does no damage.
The goblin hits you but does no damage.
You hit the goblin.
You kill the goblin!
Pkoi's ghost misses you. The hornet stings you.
You feel yourself slow down. Pkoi's ghost barely misses you.
You block the hornet's attack.
You feel yourself speed up. The hornet stings you!
You feel yourself slow down. The hornet stings you!
You feel as though you will be slow longer.
You block pkoi's ghost's attack. The hornet closely misses you.
The hornet closely misses you.
You feel yourself speed up. You block the hornet's attack.
The hornet barely misses you. The hornet stings you!
* * * LOW HITPOINT WARNING * * *
You feel yourself slow down.
You hit the hornet but do no damage.
Your weapon exudes an aura of protection.
You feel yourself speed up. The hornet barely misses you.
The endoplasm freezes you.
You are frozen.
* * * LOW HITPOINT WARNING * * *
You block the hornet's attack. The endoplasm closely misses you.
The hornet stings you but does no damage.
The hornet stings you but does no damage.
The hornet closely misses you.
You see here a +0 war axe.
Things that are here:
a +0 club; 3 boomerangs; a +0 scale mail The hornet stings you.
* * * LOW HITPOINT WARNING * * *
You are lethally poisoned!
You feel yourself slow down.
You feel yourself speed up.
You die...

##.....##
##..............##
###(...##
##................#
###..w##
#.................#
##...####................#
###.J.##...............##
###.)#.............### #
##W))...........## #
##y..........### ##
###@......### #.
##........#######.
##.............†.
#..############. #.## #)
#.# #. #.########## #.
##..........####. ########
#.######.........


You could see a hornet, a worm, pkoi's ghost and an endoplasm.

Vanquished Creatures
  A phantom (D:4)
  A scorpion (D:4)
  A jelly (D:4)
  An iguana (D:4)
  An orc wizard (D:4)
  A hound skeleton (D:4)
  2 adders (D:4)
  4 worms
  3 dart slugs
  12 orcs
  8 ball pythons
  2 endoplasms
  4 giant cockroaches
  8 hobgoblins
  4 jackals (D:2)
  A quokka (D:1)
  7 bats
  2 frilled lizards (D:1)
  5 goblins
  5 kobolds
  5 rats
78 creatures vanquished.

Notes
Turn   | Place    | Note
-------+----------+-------------------------------------------
     0 | D:1      | seaoflcl the Human Fighter began the quest for the Orb.
     0 | D:1      | Reached XP level 1. HP: 18/18 MP: 1/1
   450 | D:1      | Reached XP level 2. HP: 24/24 MP: 2/2
   836 | D:1      | Found Zekhluyn's Distillery.
  1175 | D:2      | Reached XP level 3. HP: 28/29 MP: 3/3
  1606 | D:2      | Found Quptel's Book Shop.
  1630 | D:2      | Reached skill level 1 in Maces & Flails
  1842 | D:3      | Reached XP level 4. HP: 35/35 MP: 4/4
  1868 | D:3      | Found a glowing golden altar of the Shining One.
  1871 | D:3      | Found a shimmering blue altar of Sif Muna.
  1994 | D:3      | Found a shimmering altar of Xom.
  1996 | D:3      | Found a radiant altar of Vehumet.
  2408 | D:4      | Reached skill level 1 in Dodging
  2459 | D:4      | Reached XP level 5. HP: 39/41 MP: 5/5
  2702 | D:4      | Found a runed translucent gate.
  2702 | D:4      | Noticed pkoi's ghost (amateur DgFi)
  2704 | D:4      | Found a runed translucent gate.
  2704 | D:4      | Noticed a hornet
  2706 | D:4      | Found a runed translucent gate.
  2712 | D:4      | Noticed a phantom
  3319 | D:4      | HP: 2/42 [iguana (11)]
  3322 | D:4      | Reached XP level 6. HP: 3/48 MP: 6/6
  4355 | D:4      | Succumbed to a hornet's poison

Illustrated notes

Levels and vault maps discovered:
D:1:      matt_arrival_spirals, layout_loops_corners, serial_shops,
          nicolae_shop_waterfront
D:2:      layout_rooms, serial_shops, nicolae_shop_hallway_plus
D:3:      layout_rooms, nicolae_overflow_hidden_temple
D:4:      layout_cave_pods, gammafunk_ghost_split, minmay_ruptured

Skill      XL: |  1  2  3  4  5  6 |
---------------+-------------------+-----
Maces & Flails | 1 2 3 |  3.3
Dodging        | 1 |  1.4
Fighting       | 4 |  4.2
Armour         | 4 |  4.2
Long Blades    | |  2.3
Stealth        | |  0.3
Shields        | |  3.8

Action                   |  1- 3 |  4- 6 || total
-------------------------+-------+-------++-------
Melee: Long sword        |    38 |       ||    38
       Mace              |    88 |   174 ||   262
  Use: Scroll            |       |     1 ||     1
       Potion            |       |     4 ||     4
Armor: Scale mail        |    81 |    78 ||   159
Dodge: Dodged            |    86 |    86 ||   172
Block: Buckler           |    39 |    48 ||    87
